[Event "FIDE Women's Grand Swiss 2023"]
[Site "Villa Marina, Douglas, Isle of Man"]
[Date "2023.10.25"]
[Round "1.1"]
[White "Matnadze Bujiashvili, Ann"]
[Black "Goryachkina, Aleksandra"]
[Result "1/2-1/2"]
[WhiteElo "2400"]
[BlackElo "2558"]
[EventDate "2023.10.25"]
[ECO "D23"]
[PlyCount "131"]
[BlackFideId "4147103"]
[TimeControl "40/90 + 30 + 30s/move"]
[WhiteFideId "13601377"]
[ePGN "0.1;DGT LiveChess/2.2.5"]

1.d4 d5 2.Nf3 Nf6 3.c4 c6 4.Qb3 dxc4 5.Qxc4 Bf5 6.Nc3 e6 7.Bg5 Qb6 8.Na4 Qa5+ 9.Bd2 Qd5 10.Qxd5 exd5 11.Rc1 Nbd7 12.e3 Be7 13.Be2 Ne4 14.Ba5 Nb6 15.Nc3 Nd6 16.Bb4 a5 17.Bc5 Nd7 18.Ba3 b5 19.Bxd6 Bxd6 20.O-O O-O 21.a4 b4 22.Nb1 Rfc8 23.Nbd2 c5 24.Bb5 Rc7 25.dxc5 Nxc5 26.Nd4 Bg6 27.f4 Rac8 28.f5 Bh5 29.h3 f6 30.g4 Bf7 31.Rfd1 h5 32.Kg2 Kf8 33.N2f3 Ke7 34.g5 fxg5 35.Nxg5 Bg8 36.h4 Kf6 37.Rf1 Ne4 38.Rxc7 Rxc7 39.Bd3 Nc5 40.Bb5 Be5 41.Be8 Bxd4 42.exd4 Ne4 43.Nxe4+ dxe4 44.Bxh5 Bd5 45.Kg3 Rc2 46.Kf4 Rh2 47.Bg4 b3 48.Rg1 Rxb2 49.Bh5 Rf2+ 50.Ke3 Rxf5 51.Bg4 Rf3+ 52.Bxf3 exf3 53.h5 Bf7 54.Rc1 Be8 55.Rc8 Bxa4 56.Rb8 Ke6 57.Kxf3 Kd5 58.Ke3 Kc4 59.Kd2 Kxd4 60.Rb7 Be8 61.Rxb3 Bxh5 62.Rb5 Bf7 63.Rxa5 g6 64.Ra7 Be6 65.Rg7 Bf5 66.Ke2 1/2-1/2

[Event "FIDE Women's Grand Swiss 2023"]
[Site "Villa Marina, Douglas, Isle of Man"]
[Date "2023.10.26"]
[Round "2.7"]
[White "Sandu, Mihaela"]
[Black "Bulmaga, Irina"]
[Result "0-1"]
[WhiteElo "2298"]
[BlackElo "2423"]
[EventDate "2023.10.25"]
[ECO "C74"]
[PlyCount "72"]
[BlackFideId "13903063"]
[TimeControl "40/90 + 30 + 30s/move"]
[WhiteFideId "1204327"]

1.e4 e5 2.Nf3 Nc6 3.Bb5 a6 4.Ba4 d6 5.c3 f5 6.d4 fxe4 7.Ng5 exd4 8.O-O d5 9.c4 b5 10.cxb5 axb5 11.Bxb5 Ne7 12.Nxe4 dxe4 13.Qh5+ g6 14.Qe5 Bb7 15.Qxh8 Qd5 16.Na3 O-O-O 17.Qxh7 Ne5 18.Bf4 Nf5 19.Bc4 Qa5 20.Be6+ Kb8 21.Nc4 Nxc4 22.Bxc4 Bd6 23.b4 Qb6 24.Bg5 Rf8 25.Rac1 Be5 26.h3 Bg7 27.Bg8 Qd6 28.Rc5 e3 29.fxe3 Qg3 30.Bd5 Qxg5 31.Qxg7 Nxg7 32.Rxf8+ Ka7 33.Ra5+ Kb6 34.Rb8 Qxe3+ 35.Kf1 c6 36.Bf3 Nf5 0-1

[Event "FIDE Women's Grand Swiss 2023"]
[Site "Villa Marina, Douglas, Isle of Man"]
[Date "2023.10.26"]
[Round "2.17"]
[White "Danielian, Elina"]
[Black "Mkrtchyan, Mariam"]
[Result "1/2-1/2"]
[WhiteElo "2416"]
[BlackElo "2343"]
[EventDate "2023.10.25"]
[ECO "D35"]
[PlyCount "208"]
[BlackFideId "13310828"]
[TimeControl "40/90 + 30 + 30s/move"]
[WhiteFideId "13300210"]

1.d4 d5 2.c4 e6 3.Nc3 Nf6 4.Nf3 Nbd7 5.Bf4 dxc4 6.e3 Bd6 7.Bg3 Nb6 8.Bxc4 Nxc4 9.Qa4+ Bd7 10.Qxc4 Bc6 11.Ne5 Bxe5 12.Bxe5 Nd7 13.Bg3 Bxg2 14.Rg1 Bc6 15.e4 O-O 16.O-O-O Nb6 17.Qc5 Rc8 18.Qe5 Nc4 19.Qf4 Qe7 20.Bh4 f6 21.Qg3 Rf7 22.f4 Qf8 23.Kb1 b5 24.d5 exd5 25.Nxd5 Bxd5 26.Rxd5 c6 27.Rdd1 Re8 28.Qd3 Qb4 29.b3 Nb6 30.Qd4 Rxe4 31.Qxb4 Rxb4 32.Rd8+ Rf8 33.Rd6 Rxf4 34.Bg3 Re4 35.Rxc6 Rc8 36.Rxc8+ Nxc8 37.Rc1 Ne7 38.Rc7 a6 39.Ra7 Re6 40.a4 bxa4 41.bxa4 g5 42.a5 f5 43.Bf2 Nd5 44.Bd4 h6 45.Kc2 f4 46.Rg7+ Kf8 47.Rd7 Nb4+ 48.Kd2 Nc6 49.Bb6 f3 50.h3 Ne5 51.Bc5+ Ke8 52.Rd5 Ng6 53.Rd3 Ne5 54.Rd5 Nc4+ 55.Kd3 Nxa5 56.Rf5 Nc6 57.Kc4 Rg6 58.Kc3 g4 59.hxg4 Rxg4 60.Be3 Rg6 61.Rxf3 Ne5 62.Rf5 Ng4 63.Bd2 Rd6 64.Bf4 Rb6 65.Kc4 Ke7 66.Rh5 Rf6 67.Bd2 Ke6 68.Kb4 Kf7 69.Rh4 Rd6 70.Bc1 Rc6 71.Bd2 Rg6 72.Ka5 Kg7 73.Bc1 Kf7 74.Bd2 Ke7 75.Bxh6 Nxh6 76.Rb4 Nf5 77.Rb6 Nd6 78.Rxa6 Ke6 79.Kb4 Kd5 80.Ra8 Rg4+ 81.Kc3 Ne4+ 82.Kd3 Rg3+ 83.Ke2 Rb3 84.Rd8+ Nd6 85.Rd7 Ke6 86.Rd8 Ke5 87.Kd2 Rh3 88.Kc2 Nb5 89.Re8+ Kd4 90.Rd8+ Kc4 91.Rc8+ Kd5 92.Rd8+ Kc6 93.Rc8+ Kd7 94.Rb8 Nc7 95.Kd2 Nd5 96.Rg8 Kd6 97.Kc2 Kc5 98.Rg5 Rf3 99.Rh5 Kc4 100.Rh4+ Nf4 101.Kd2 Kd4 102.Kc2 Kc4 103.Kd2 Kd4 104.Kc2 Kc4 1/2-1/2

[Event "FIDE Women's Grand Swiss 2023"]
[Site "Villa Marina, Douglas, Isle of Man"]
[Date "2023.10.28"]
[Round "4.20"]
[White "Cori T., Deysi"]
[Black "Matnadze Bujiashvili, Ann"]
[Result "1-0"]
[WhiteElo "2367"]
[BlackElo "2400"]
[EventDate "2023.10.25"]
[ECO "E01"]
[PlyCount "81"]
[BlackFideId "13601377"]
[TimeControl "40/90 + 30 + 30s/move"]
[WhiteFideId "3801934"]

1.d4 Nf6 2.c4 e6 3.g3 d5 4.Bg2 Bb4+ 5.Nd2 O-O 6.Nf3 a5 7.O-O b6 8.Ne5 Bb7 9.Qc2 Be7 10.Rd1 Qc8 11.cxd5 exd5 12.Ndf3 c5 13.Bg5 Na6 14.a3 Re8 15.Rac1 Ne4 16.Bxe7 Rxe7 17.dxc5 bxc5 18.Nd3 Qe8 19.Nd2 Nf6 20.Nxc5 Rc8 21.b4 Rxe2 22.Bf3 Re7 23.Qb2 axb4 24.axb4 Nxc5 25.bxc5 Ne4 26.Qd4 Ng5 27.Bg2 Ne6 28.Qb4 Bc6 29.Nf3 h6 30.Nh4 Rb7 31.Qg4 Qf8 32.Nf5 h5 33.Qxh5 Nxc5 34.Nxg7 Nb3 35.Nf5 Nxc1 36.Rd4 Ne2+ 37.Qxe2 Rb1+ 38.Bf1 Qc5 39.Qe5 f6 40.Qxf6 Rxf1+ 41.Kxf1 1-0

[Event "FIDE Women's Grand Swiss 2023"]
[Site "Villa Marina, Douglas, Isle of Man"]
[Date "2023.10.30"]
[Round "6.4"]
[White "Efroimski, Marsel"]
[Black "Munguntuul, Batkhuyag"]
[Result "1/2-1/2"]
[WhiteElo "2447"]
[BlackElo "2366"]
[EventDate "2023.10.25"]
[ECO "B48"]
[PlyCount "117"]
[BlackFideId "4900758"]
[TimeControl "40/90 + 30 + 30s/move"]
[WhiteFideId "2810964"]

1.e4 c5 2.Nf3 e6 3.d4 cxd4 4.Nxd4 Nc6 5.Nc3 Qc7 6.Be3 a6 7.Qf3 Nf6 8.O-O-O Ne5 9.Qg3 b5 10.f4 Neg4 11.Bg1 b4 12.Na4 h5 13.e5 Nd5 14.h3 Nh6 15.f5 Bb7 16.Bd3 h4 17.Qxh4 Qxe5 18.fxe6 dxe6 19.Qe1 Qxe1 20.Rxe1 Ng4 21.Bf5 Ngf6 22.Nxe6 fxe6 23.Bxe6 Ne7 24.Bc5 Rd8 25.Re2 Rh4 26.Rhe1 Re4 27.g4 Rxe2 28.Rxe2 g6 29.g5 Ne4 30.Bxb4 Nxg5 31.Bc4 Nxh3 32.b3 Nf4 33.Re1 Nd5 34.Bd2 Bg7 35.Nc5 Bc8 36.Nxa6 Bxa6 37.Bxa6 Nc3 38.a3 Ra8 39.Re6 Kd7 40.Rb6 Bd4 41.Rb7+ Kc6 42.Rxe7 Rxa6 43.Re6+ Kb7 44.Rxa6 Kxa6 45.Bxc3 Bxc3 46.Kd1 Kb5 47.Ke2 Kc6 48.Kd3 Bb2 49.a4 Kd5 50.c4+ Kc5 51.Ke4 Bc3 52.Kf4 Bd2+ 53.Ke5 Kb4 54.Kf6 g5 55.Kf5 Kxb3 56.a5 Kxc4 57.a6 Be3 58.a7 Bxa7 59.Kxg5 1/2-1/2

[Event "FIDE Women's Grand Swiss 2023"]
[Site "Villa Marina, Douglas, Isle of Man"]
[Date "2023.11.01"]
[Round "7.11"]
[White "Paehtz, Elisabeth"]
[Black "Narva, Mai"]
[Result "1/2-1/2"]
[WhiteElo "2484"]
[BlackElo "2399"]
[EventDate "2023.10.25"]
[ECO "B20"]
[PlyCount "89"]
[BlackClock "00:26:40"]
[BlackFideId "4500512"]
[TimeControl "40/90 + 30 + 30s/move"]
[WhiteClock "00:16:41"]
[WhiteFideId "4641833"]

1.e4 c5 2.Nf3 Nc6 3.Bc4 e6 4.O-O Nge7 5.Re1 Ng6 6.c3 Be7 7.d4 d5 8.exd5 exd5 9.Bf1 cxd4 10.Nxd4 O-O 11.Be3 Nce5 12.Nd2 Ng4 13.N2f3 Bd6 14.Qd2 Bd7 15.Bg5 Qa5 16.h3 N4e5 17.Nxe5 Nxe5 18.Nb3 Qc7 19.Qxd5 Be6 20.Qd1 h6 21.Bf4 a6 22.Nd4 Bd7 23.Bg3 Rae8 24.Qb3 Kh8 25.Qd5 f5 26.Bxe5 Bxe5 27.Rad1 f4 28.Nf3 Bc6 29.Qd3 Bf6 30.Qg6 Qf7 31.Rxe8 Qxe8 32.Qxe8 Rxe8 33.Nd4 Bd5 34.a3 b5 35.Bd3 Rd8 36.Bg6 Kg8 37.Re1 Bxd4 38.cxd4 Bf7 39.Bxf7+ Kxf7 40.Rd1 Rc8 41.Rd2 Rc1+ 42.Kh2 Ke6 43.g3 fxg3+ 44.Kxg3 Kd5 45.Kf4 1/2-1/2

[Event "FIDE Women's Grand Swiss 2023"]
[Site "Villa Marina, Douglas, Isle of Man"]
[Date "2023.11.01"]
[Round "7.12"]
[White "Injac, Teodora"]
[Black "Batsiashvili, Nino"]
[Result "1/2-1/2"]
[WhiteElo "2426"]
[BlackElo "2475"]
[EventDate "2023.10.25"]
[ECO "E15"]
[PlyCount "99"]
[BlackClock "01:32:36"]
[BlackFideId "13602993"]
[ReferenceTime "W/2023-11-01T14:37:23.297Z"]
[TimeControl "40/90 + 30 + 30s/move"]
[WhiteClock "01:27:07"]
[WhiteFideId "932400"]

1.d4 Nf6 2.Nf3 e6 3.c4 b6 4.g3 Bb4+ 5.Bd2 Bxd2+ 6.Qxd2 Ba6 7.b3 O-O 8.Bg2 d5 9.Nc3 c5 10.O-O Nc6 11.Rfd1 dxc4 12.Ne5 Nxd4 13.e3 Nf5 14.Nxc4 ( 14.Ne4 Qxd2 15.Rxd2 Rad8 ) 14...Qxd2 15.Rxd2 Rad8 16.Rad1 Rxd2 17.Rxd2 Rc8 18.Ne5 Ne7 19.g4 Nfd5 20.Nxd5 exd5 21.Bxd5 Nxd5 22.Rxd5 f6 23.Nc4 b5 24.Na3 Bb7 25.Rd7 Bc6 26.Rxa7 c4 27.bxc4 bxc4 28.Nb1 Bf3 29.Nc3 Bxg4 30.Kg2 Rd8 31.Kg3 Be6 32.Nb5 Rd1 33.Nd4 
Rg1+ ( 33...Bd5 34.Nf5 g5 35.f4 Kh8 36.Rc7 ) 34.Kf4 g5+ 35.Ke4 Bh3 36.Rc7 Rg2 37.f4 Rxh2 38.a4 Ra2 39.Rxc4 gxf4 40.exf4 Kg7 41.Nf5+ Kg6 42.Ne7+ Kf7 43.Nf5 
Bg2+ 44.Kd4 Bf1 45.Rc7+ Kf8 46.Rc8+ Kf7 47.Rc7+ Kf8 48.Rc8+ 
Kf7 49.Rc7+ Kg8 50.Rc8+ 1/2-1/2

[Event "FIDE Women's Grand Swiss 2023"]
[Site "Villa Marina, Douglas, Isle of Man"]
[Date "2023.11.01"]
[Round "7.22"]
[White "Divya, Deshmukh"]
[Black "Aulia, Medina Warda"]
[Result "0-1"]
[WhiteElo "2408"]
[BlackElo "2362"]
[EventDate "2023.10.25"]
[ECO "D32"]
[PlyCount "78"]
[BlackFideId "7101570"]
[TimeControl "40/90 + 30 + 30s/move"]
[WhiteFideId "35006916"]

1.d4 d5 2.c4 e6 3.Nc3 c5 4.cxd5 exd5 5.Nf3 Nf6 6.Bg5 Be6 7.Qa4+ Nc6 8.e3 Be7 9.Bb5 Qb6 10.O-O O-O 11.Bxc6 bxc6 12.Qc2 cxd4 13.Nxd4 c5 14.Bxf6 Bxf6 15.Na4 Qa5 16.Nxc5 Rfc8 17.Rfc1 Be7 18.Ndb3 Qb6 19.Qc3 Rab8 20.f4 h6 21.Qd4 Bxc5 22.Nxc5 Qxb2 23.Qd3 Rb6 ( 
23...Rxc5 24.Rcb1 Rc2 25.Rxb2 Rbxb2 26.Qf1 Bf5 ) 24.Qd1 Rbc6 25.Nd3 Qa3 26.Rxc6 Rxc6 27.Rb1 Bf5 28.Rb3 Qa5 29.Nb4 Rd6 30.Qd4 Be4 31.h3 Rg6 32.Rb2 Qc7 33.Kh2 Qc4 34.f5 Rf6 35.Qxa7 Rxf5 36.Qb8+ Kh7 37.Qg3 Qc3 38.Rb3 Qf6 39.Ra3 Rg5 0-1

[Event "FIDE Women's Grand Swiss 2023"]
[Site "Villa Marina, Douglas, Isle of Man"]
[Date "2023.11.01"]
[Round "7.23"]
[White "Gomez Barrera, Javiera Belen"]
[Black "Tania, Sachdev"]
[Result "0-1"]
[WhiteElo "2266"]
[BlackElo "2389"]
[EventDate "2023.10.25"]
[ECO "C54"]
[PlyCount "84"]
[BlackFideId "5007844"]
[TimeControl "40/90 + 30 + 30s/move"]
[WhiteFideId "3418723"]

1.e4 e5 2.Nf3 Nc6 3.Bc4 Nf6 4.d3 Bc5 5.c3 d6 6.O-O h6 7.Re1 O-O 8.h3 a5 9.Nbd2 Bd7 10.Nf1 a4 11.Bb5 Ne7 12.Bxd7 Qxd7 13.d4 exd4 14.cxd4 Bb4 15.Re2 d5 16.e5 Ne4 17.Ng3 Nxg3 18.fxg3 Nc6 19.Qd3 a3 20.bxa3 Be7 21.Rb1 Nd8 22.Rb3 b6 23.Rc2 Ne6 24.Kh2 Ra4 25.Qf5 Rfa8 26.Rcc3 Qe8 27.Bb2 R8a6 28.Re3 Qa8 29.g4 c5 30.dxc5 bxc5 31.Rb5 R4a5 32.Rxa5 Rxa5 33.Re1 Qa6 34.Bc1 Qc4 35.g5 g6 36.Qb1 Rb5 37.Qa1 hxg5 38.Bd2 d4 39.a4 Qxa4 40.Qc1 Qxa2 41.Bxg5 Bxg5 42.Nxg5 Rb2 ( 
42...Rb2 43.Qd1 ) 0-1

[Event "FIDE Women's Grand Swiss 2023"]
[Site "Villa Marina, Douglas, Isle of Man"]
[Date "2023.11.02"]
[Round "8.4"]
[White "Garifullina, Leya"]
[Black "Shuvalova, Polina"]
[Result "1-0"]
[WhiteElo "2402"]
[BlackElo "2506"]
[EventDate "2023.10.25"]
[ECO "C84"]
[PlyCount "99"]
[BlackClock "00:10:57"]
[BlackFideId "24171760"]
[TimeControl "40/90 + 30 + 30s/move"]
[WhiteClock "00:21:27"]
[WhiteFideId "34127035"]

1.e4 e5 2.Nf3 Nc6 3.Bb5 a6 4.Ba4 Nf6 5.O-O Be7 6.d3 b5 7.Bb3 d6 8.a3 O-O 9.Nc3 Rb8 10.h3 h6 11.Nd5 Nxd5 12.Bxd5 Qe8 13.Be3 Bd8 14.b4 Bd7 15.Re1 Ne7 16.Bb3 Ng6 17.d4 exd4 18.Bxd4 Be6 19.e5 Bxb3 20.cxb3 Qd7 21.Qc2 Re8 22.Rac1 Bg5 23.Rcd1 Rbd8 24.Bb2 Qc8 25.exd6 cxd6 26.Qxc8 Rxe1+ 27.Nxe1 Rxc8 28.Rxd6 Bc1 29.Bxc1 Rxc1 30.Kf1 Rb1 31.Rxa6 Nf4 32.Ra8+ Kh7 33.Re8 Rxb3 34.Re3 Rb2 35.h4 Ra2 36.g3 Nd5 37.Rd3 Nb6 38.Rc3 Na4 39.Rc7 Rxa3 40.Rxf7 Rb3 41.Nc2 Kg6 42.Rb7 Rb2 43.Ne3 Nc3 44.h5+ Kxh5 45.Rxg7 Ne4 ( 45...Rxb4 
46.f3 ) 46.Nd5 Rxf2+ 47.Kg1 Nf6 48.Nf4+ Rxf4 49.gxf4 Nd5 50.f5 1-0

[Event "FIDE Women's Grand Swiss 2023"]
[Site "Villa Marina, Douglas, Isle of Man"]
[Date "2023.11.02"]
[Round "8.8"]
[White "Narva, Mai"]
[Black "Muzychuk, Mariya"]
[Result "1-0"]
[WhiteElo "2399"]
[BlackElo "2519"]
[EventDate "2023.10.25"]
[ECO "B33"]
[PlyCount "93"]
[BlackClock "00:27:42"]
[BlackFideId "14114550"]
[TimeControl "40/90 + 30 + 30s/move"]
[WhiteClock "00:27:46"]
[WhiteFideId "4500512"]

1.e4 c5 2.Nf3 Nc6 3.d4 cxd4 4.Nxd4 Nf6 5.Nc3 e5 6.Ndb5 d6 7.Bg5 a6 8.Na3 b5 9.Nd5 Be7 10.Bxf6 Bxf6 11.c3 Rb8 12.Nc2 Bg5 13.g3 O-O 14.h4 Bh6 15.Bh3 Be6 16.Bxe6 fxe6 17.O-O Rf7 18.Nde3 Bxe3 19.Nxe3 Na5 20.Qe2 Qc7 21.h5 Nc4 22.Ng4 h6 23.Rfd1 Rd7 24.Rd3 Rbd8 25.Rad1 Kh7 26.b3 Na5 27.Ne3 Rf7 28.R1d2 Nb7 29.b4 Rdf8 30.Qg4 Rf6 31.Kg2 Qc6 32.c4 g6 33.cxb5 axb5 34.Rc2 gxh5 35.Qh4 Qe8 36.Rc7+ R6f7 37.Rdc3 Kg8 38.Kg1 Rd7 ( 38...Nc5 
39.Rxf7 Qxf7 40.Nd1 Na4 41.Rc2 ) 39.Rxd7 Qxd7 40.Qxh5 Qg7 41.Ng4 Kh8 42.Nxh6 Qh7 43.Rc7 Qxc7 44.Nf7+ Kg7 45.Qh6+ Kxf7 46.Qh7+ Kf6 47.Qxc7 1-0

[Event "FIDE Women's Grand Swiss 2023"]
[Site "Villa Marina, Douglas, Isle of Man"]
[Date "2023.11.02"]
[Round "8.13"]
[White "Batsiashvili, Nino"]
[Black "Socko, Monika"]
[Result "0-1"]
[WhiteElo "2475"]
[BlackElo "2380"]
[EventDate "2023.10.25"]
[ECO "E11"]
[PlyCount "158"]
[BlackClock "00:02:57"]
[BlackFideId "1106619"]
[TimeControl "40/90 + 30 + 30s/move"]
[WhiteClock "00:12:01"]
[WhiteFideId "13602993"]

1.d4 Nf6 2.c4 e6 3.Nf3 Bb4+ 4.Bd2 Qe7 5.e3 b6 6.Be2 Bb7 7.O-O Bxd2 8.Nfxd2 O-O 9.Nc3 c5 10.Bf3 Bxf3 11.Nxf3 d6 12.Qa4 Rc8 13.Rad1 Nbd7 14.Qa3 Qf8 15.Rd2 cxd4 16.Rxd4 Ne5 17.Nd2 Nc6 18.Rxd6 Ne8 19.Rd3 Qxa3 20.bxa3 Ne5 21.Rd4 Nc6 22.Rf4 Nd6 23.Nb5 Rd8 24.Nxd6 Rxd6 25.Nb3 Rd3 26.Rc1 e5 27.Rh4 a5 28.c5 a4 29.Na1 Rad8 ( 29...b5 ) 30.Rf1 b5 31.Nc2 Rc3 32.Nb4 Rxc5 33.Nxc6 Rxc6 34.Rb4 Rc5 35.g4 Rd2 36.Rfb1 f6 37.Rxb5 Rxb5 38.Rxb5 Rxa2 39.Rb8+ Kf7 40.Rb7+ Kg6 41.Ra7 Rxa3 42.Kg2 Ra1 43.h4 a3 44.Kf3 a2 45.h5+ Kh6 46.Ke4 Rg1 47.Rxa2 Rxg4+ 48.f4 Rh4 49.Ra5 exf4 50.exf4 Rxh5 51.Ra1 Rh4 52.Kf3 g5 53.fxg5+ fxg5 54.Ra7 Rb4 55.Kg3 Kg6 56.Ra3 Rb6 57.Kh3 h5 58.Rc3 h4 59.Rc8 Rb3+ 60.Kg2 Re3 61.Ra8 Kf5 62.Kf2 Re4 63.Kf3 Rf4+ 64.Kg2 Kg4 65.Ra3 Rb4 66.Ra2 h3+ 67.Kf2 Kh4 68.Ra8 Rb2+ 69.Kg1 Re2 70.Ra4+ g4 71.Rb4 Kg3 72.Rb3+ Kf4 73.Rb4+ Kf3 74.Rb3+ Re3 75.Rb1 g3 76.Rf1+ Ke4 77.Ra1 Rd3 78.Rb1 Kf3 79.Re1 Rd6 0-1

[Event "FIDE Women's Grand Swiss 2023"]
[Site "Villa Marina, Douglas, Isle of Man"]
[Date "2023.11.02"]
[Round "8.17"]
[White "Danielian, Elina"]
[Black "Aulia, Medina Warda"]
[Result "0-1"]
[WhiteElo "2416"]
[BlackElo "2362"]
[EventDate "2023.10.25"]
[ECO "A30"]
[PlyCount "50"]
[BlackFideId "7101570"]
[TimeControl "40/90 + 30 + 30s/move"]
[WhiteFideId "13300210"]

1.Nf3 Nf6 2.g3 b6 3.Bg2 Bb7 4.c4 c5 5.O-O g6 6.Nc3 Bg7 7.d4 cxd4 8.Qxd4 O-O 9.Qh4 d6 10.Rd1 Nbd7 11.Bh6 Re8 12.Rac1 Rc8 13.b3 a6 14.Bh3 Rc5 15.g4 ( 15.Bxg7 Kxg7 16.Qd4 ) 15...Bxf3 16.exf3 Ne5 17.Bg2 g5 18.Qh3 Ng6 19.Bxg7 Kxg7 20.Bf1 h5 21.Bd3 Nf4 22.Qf1 hxg4 23.fxg4 Nxg4 24.Nd5 Rh8 25.Bf5 Nxh2 0-1

[Event "FIDE Women's Grand Swiss 2023"]
[Site "Villa Marina, Douglas, Isle of Man"]
[Date "2023.11.03"]
[Round "9.17"]
[White "Beydullayeva, Govhar"]
[Black "Batsiashvili, Nino"]
[Result "1-0"]
[WhiteElo "2383"]
[BlackElo "2475"]
[EventDate "2023.10.25"]
[ECO "A07"]
[PlyCount "63"]
[BlackClock "00:31:23"]
[BlackFideId "13602993"]
[TimeControl "40/90 + 30 + 30s/move"]
[WhiteClock "00:33:43"]
[WhiteFideId "13413015"]

1.Nf3 Nf6 2.g3 d5 3.Bg2 c5 4.O-O Nc6 5.d4 cxd4 6.Nxd4 e5 7.Nxc6 bxc6 8.c4 Be6 9.Nc3 Rc8 10.Qa4 Qd7 11.cxd5 cxd5 12.Qxd7+ Kxd7 13.Rd1 Bc5 14.Na4 a6 15.Bg5 Kd6 16.Nxc5 Rxc5 17.e4 h6 18.Bd2 Rb5 19.exd5 Nxd5 20.Bc3 f6 21.a4 Rc5 22.Bb4 Rc8 23.Rac1 e4 24.Bxe4 Ke5 25.Bxc5 Kxe4 26.Re1+ Kf5 27.g4+ Kxg4 28.Rxe6 Nf4 29.Re4 g5 30.Be3 Rd8 31.Bxf4 gxf4 32.Kg2 1-0

[Event "FIDE Women's Grand Swiss 2023"]
[Site "Villa Marina, Douglas, Isle of Man"]
[Date "2023.11.04"]
[Round "10.20"]
[White "Sandu, Mihaela"]
[Black "Kosteniuk, Alexandra"]
[Result "0-1"]
[WhiteElo "2298"]
[BlackElo "2523"]
[EventDate "2023.10.25"]
[ECO "B47"]
[PlyCount "114"]
[BlackFideId "4128125"]
[TimeControl "40/90 + 30 + 30s/move"]
[WhiteFideId "1204327"]

1.e4 c5 2.Nf3 e6 3.d4 cxd4 4.Nxd4 Nc6 5.Nc3 Qc7 6.Be2 Nf6 7.Be3 a6 8.Nxc6 bxc6 9.f4 d5 10.e5 Nd7 11.O-O Be7 12.Kh1 g6 13.Qe1 Bb7 14.Rd1 c5 15.Bc1 O-O 16.b3 Nb6 17.Bf3 Rad8 18.a4 Kh8 19.Bb2 f5 20.exf6 Bxf6 21.a5 Nc8 22.Qxe6 Qg7 23.Qe1 Rfe8 24.Qd2 Nd6 25.Rfe1 Nf5 26.Ba1 Bd4 27.h3 g5 28.Na4 Rxe1+ 29.Qxe1 Bxa1 30.Rxa1 Ne3 31.Nxc5 Nxc2 32.Qe5 Qxe5 33.fxe5 Nxa1 34.Nxb7 Re8 35.Be2 ( 35.Nd6 Re7 36.Bxd5 Nc2 37.Bc4 ) 
35...Rxe5 36.Bxa6 Nxb3 37.Bd3 Re3 38.Bf5 Re1+ 39.Kh2 Ra1 40.Be6 Nxa5 41.Bxd5 Nxb7 42.Bxb7 h5 43.Bf3 h4 44.Bd5 Kg7 45.Bf3 Kf6 46.Bd5 Ke5 47.Bf3 Kf4 48.Bb7 Ra3 49.Bc6 Rc3 50.Bb7 Rg3 51.Bc6 g4 52.hxg4 Rxg4 53.Bb7 Rg7 54.Bc6 Rc7 55.Bd5 Re7 56.Bc6 h3 57.g3+ Kg4 0-1

[Event "FIDE Women's Grand Swiss 2023"]
[Site "Villa Marina, Douglas, Isle of Man"]
[Date "2023.11.04"]
[Round "10.21"]
[White "Roebers, Eline"]
[Black "Danielian, Elina"]
[Result "1-0"]
[WhiteElo "2390"]
[BlackElo "2416"]
[EventDate "2023.10.25"]
[ECO "B09"]
[PlyCount "63"]
[BlackFideId "13300210"]
[TimeControl "40/90 + 30 + 30s/move"]
[WhiteFideId "1058401"]

1.e4 d6 2.d4 Nf6 3.Nc3 g6 4.f4 Bg7 5.Nf3 O-O 6.a3 c5 7.dxc5 Qa5 8.b4 Qd8 9.Bd2 dxc5 10.e5 Nfd7 11.Bd3 Nc6 12.h4 cxb4 13.Ne4 h5 14.axb4 Nb6 15.Qe2 Bg4 16.c3 Qc8 17.Nf2 Bf5 18.Bxf5 Qxf5 19.b5 Nd8 20.g4 hxg4 21.Nd4 Qd7 22.h5 gxh5 23.f5 Qd5 24.f6 exf6 25.Rxh5 Re8 26.Nxg4 Nc4 27.O-O-O Nxe5 28.Nf5 Nd3+ 29.Qxd3 Qxd3 30.Nxf6+ Bxf6 31.Rg1+ Kf8 32.Bh6+ ( 32.Bh6+ Bg7 33.Bxg7+ Kg8 34.Rh8# ) 1-0

[Event "FIDE Women's Grand Swiss 2023"]
[Site "Villa Marina, Douglas, Isle of Man"]
[Date "2023.11.04"]
[Round "10.22"]
[White "Lee, Alice"]
[Black "Savitha, Shri B"]
[Result "1/2-1/2"]
[WhiteElo "2388"]
[BlackElo "2375"]
[EventDate "2023.10.25"]
[ECO "A43"]
[PlyCount "154"]
[BlackFideId "35061887"]
[TimeControl "40/90 + 30 + 30s/move"]
[WhiteFideId "30941822"]

1.d4 c5 2.d5 d6 3.e4 g6 4.c4 Bg7 5.Ne2 Nf6 6.Ng3 O-O 7.Nc3 e6 8.Be2 exd5 9.cxd5 Nbd7 10.O-O Re8 11.a4 a6 12.Be3 h5 13.Bg5 Qb6 14.Qd2 Nh7 15.Bh6 h4 16.Bxg7 Kxg7 17.Nh1 Ndf6 18.f3 Bd7 19.Nf2 Qb4 20.Ra2 b5 21.Qf4 c4 22.axb5 axb5 23.Rfa1 Rxa2 24.Rxa2 Qc5 25.Qd2 Rb8 26.Nd1 b4 27.Ra1 Bb5 28.Rc1 Nd7 29.Bxc4 Bxc4 30.Ne3 Nb6 31.b3 Ra8 32.Qb2+ Kg8 33.Nxc4 Nxc4 34.Rxc4 Qe3 35.Kf1 Rb8 36.Ng4 Qd3+ 37.Kf2 f6 38.Rc7 Ra8 39.Rc4 Qd1 40.Qc2 Qa1 41.Rc8+ Rxc8 42.Qxc8+ Nf8 43.Ne3 Qd4 44.Ke2 Qa1 45.h3 Qd4 46.Qc4 Qb2+ 47.Qc2 Qa1 48.f4 Qd4 49.Qc4 Qb2+ 50.Kf3 Qd2 51.Qc6 Qe1 52.Qxd6 Qg3+ 53.Ke2 g5 54.Qxf6 gxf4 55.Ng4 Qxg2+ 56.Nf2 Qg3 57.Qd4 Qxb3 58.e5 f3+ 59.Kf1 Qb1+ 60.Nd1 Qf5 61.Nf2 b3 62.e6 Qg5 63.Ng4 Nh7 64.e7 Kf7 65.d6 Qc1+ 66.Kf2 Qc2+ 67.Kxf3 Ng5+ 68.Ke3 Qc1+ 69.Ke2 Qc2+ 70.Kf1 Qc1+ 71.Ke2 Qc2+ 72.Kf1 Qc1+ 73.Ke2 Qc2+ 74.Kf1 Qb1+ 75.Ke2 Qc2+ 76.Kf1 Qb1+ 77.Ke2 Qc2+ 1/2-1/2